 Dungeon Crawl Stone Soup version 0.30.1-1-g62c8e00024 (webtiles) character file.

Game seed: 5139843263235624784

35 CaptainMV the Spear-Bearer (level 3, -1/23 (25) HPs)
             Began as a Gnoll Wanderer on July 17, 2023.
             Slain by an orc priest
             ... wielding a +0 dagger
              (5 damage)
             ... on level 3 of the Dungeon.
             The game lasted 00:09:13 (915 turns).

CaptainMV the Spear-Bearer (Gnoll Wanderer)          Turns: 915, Time: 00:09:15

HP:   -1/23 (25)    AC:  2    Str: 10    XL:     3   Next: 35%
MP:   10/11         EV: 12    Int: 10    God:
Gold: 73            SH:  0    Dex: 15    Spells: 15/16 levels left

rFire   . . .        b - +1 dagger (drain)
rCold   . . .        (no shield)
rNeg    . . .        e - +0 robe
rPois   .            (no helmet)
rElec   .            (no cloak)
rCorr   .            (no gloves)
SInv    .            (no boots)
Will    .....        (no amulet)
Stlth   ++           (no ring)
HPRegen 0.23/turn    (no ring)
MPRegen 0.12/turn

%: no passive effects
@: drained
A: fangs 1, strong nose, distributed training
a: no special abilities


You were on level 3 of the Dungeon.
You visited 1 branch of the dungeon, and saw 3 of its levels.

You collected 73 gold pieces.

Inventory:

Hand Weapons
 a - a +2 spear
 b - a +1 dagger of draining (weapon)
 c - a +0 dagger
 g - a +0 short sword of draining
Missiles
 i - 5 boomerangs
 j - 12 poisoned darts (quivered)
Armour
 e - a +0 robe (worn)
Potions
 d - a potion of haste
 f - a potion of brilliance
 l - a potion of mutation
 m - a potion of lignification


   Skills:
 + Level 0.8 Fighting
 + Level 0.8 Short Blades
 + Level 0.8 Long Blades
 + Level 0.8 Axes
 + Level 0.8 Maces & Flails
 + Level 8.5 Polearms
 + Level 0.8 Staves
 + Level 0.8 Ranged Weapons
 + Level 4.5 Throwing
 + Level 0.8 Armour
 + Level 2.6 Dodging
 + Level 0.8 Stealth
 + Level 0.8 Shields
 + Level 0.8 Unarmed Combat
 + Level 7.1 Spellcasting
 + Level 0.5 Conjurations
 + Level 0.5 Hexes
 + Level 0.5 Summonings
 + Level 0.5 Necromancy
 + Level 0.5 Translocations
 + Level 0.5 Transmutations
 + Level 0.5 Fire Magic
 + Level 0.5 Ice Magic
 + Level 0.5 Air Magic
 + Level 0.5 Earth Magic
 + Level 0.5 Poison Magic
 + Level 1.0 Invocations
 + Level 0.8 Evocations


You had 15 spell levels left.
You knew the following spells:

 Your Spells              Type           Power      Damage    Failure   Level
a - Freeze                Ice            16%        1d4       14%         1

Your spell library contained the following spells:

 Spells                   Type           Power      Damage    Failure   Level
 Hailstorm                Conj/Ice       4%         3d4       41%         3


Dungeon Overview and Level Annotations

Branches:
Dungeon (3/15)

Altars:
Yredelemnul


Innate Abilities, Weirdness & Mutations

You have very sharp teeth.
Your uncanny sense of smell can sniff out nearby items.
Your experience applies equally to all skills.


Message History

You are caught in the web!
There is a web here.
You disentangle yourself.
The orc priest closely misses you.
The orc priest attacks as you move away!
The orc priest barely misses you.
The orc priest casts a cantrip, but nothing happens.
a - a +2 spear (weapon)
Reach: a) +2 spear
Press: ? - help, Dir - move target, f/p - orc priest
Aim: an orc priest, wielding a +0 dagger and wearing a +0 scale mail (lightly wounded, about 30% to evade your +2 spear)
You reach to attack!
You hit the orc priest but do no damage.
The orc priest is lightly wounded.
The orc priest evades a web.
You sense an unholy aura.
b - a +1 dagger of draining (weapon)
You closely miss the orc priest.
You punch the orc priest, but do no damage.
The orc priest is lightly wounded.
The orc priest misses you.
You barely miss the orc priest.
The orc priest is lightly wounded.
The orc priest hits you with a +0 dagger.
* * * LOW HITPOINT WARNING * * *
You hit the orc priest but do no damage.
The orc priest is lightly wounded.
The orc priest closely misses you.
You hit the orc priest but do no damage.
The orc priest is lightly wounded.
The orc priest hits you with a +0 dagger.
* * * LOW HITPOINT WARNING * * *
Casting: Freeze (safe; 14% risk of failure)
Confirm with . or Enter, or press ? or * to list all spells.
Aiming: Freeze (safe; 14% risk of failure)
Press: ? - help, Shift-Dir - straight line, f/p - orc priest
Aim: an orc priest, wielding a +0 dagger and wearing a +0 scale mail (lightly wounded)
You freeze the orc priest.
The orc priest is lightly wounded.
The orc priest hits you with a +0 dagger.
You die...

##.# ######
######..#
.....###.......#
.†...#...####.#
.......#.....##
#...####.##.#######
##.## ##....###^#^#
...# ##...####.^^.#
.#.###....#.)'^o@_#
.#..........##^.^.#
....#.......###.#.#
....#...<...#######
##...........#####
# #..............#
# #.#.....o......#
#.##.....#)....#
#....#.......#


You could see an orc priest.

Vanquished Creatures
  A dart slug (D:1)
  4 orcs (D:3)
  3 endoplasms (D:1)
  A giant cockroach (D:2)
  2 goblins
  2 hobgoblins (D:1)
  2 quokkas (D:1)
  A ball python (D:1)
  2 bats (D:1)
  3 frilled lizards
  5 kobolds
  A rat (D:2)
  A spectral orc (D:3)
28 creatures vanquished.

Notes
Turn   | Place    | Note
-------+----------+-------------------------------------------
     0 | D:1      | CaptainMV the Gnoll Wanderer began the quest for the Orb.
     0 | D:1      | CaptainMV set off with the following items: a +2 spear, 12
                  | poisoned darts, a +0 dagger, a potion of haste, a +0 robe;
                  | and the following spell memorised: Freeze; and the
                  | following spells available to memorise: Hailstorm.
     0 | D:1      | Reached XP level 1. HP: 13/13 MP: 8/8
   101 | D:1      | Reached XP level 2. HP: 11/19 MP: 10/10
   627 | D:2      | Reached XP level 3. HP: 23/23 MP: 11/11
   791 | D:2      | You fall into a shaft and drop 1 floor!
   850 | D:3      | Found a basalt altar of Yredelemnul.
   901 | D:3      | Reached skill level 1 in Invocations
   915 | D:3      | Slain by an orc priest

Illustrated notes

Levels and vault maps discovered:
D:1:      matt_arrival_grand_opening, layout_rooms, supply_closet_lemuel
D:2:      layout_basic, serial_park_tiny_2, nicolae_figureground_pulse,
          uniq_jessica, uniq_crazy_yiuf_cottage
D:3:      layout_rooms, overflow_temple_1_default,
          yredelemnul_forgotten_temple_becter, overflow_temple_1_default,
          ebering_ecumenical_altar_abandoned, uniq_ijyb, uniq_natasha

Skill      XL: |  1  2  3 |
---------------+----------+-----
Invocations    | 1 |  1.0
Fighting       | |  0.8
Short Blades   | |  0.8
Long Blades    | |  0.8
Axes           | |  0.8
Maces & Flails | |  0.8
Polearms       | |  8.5
Staves         | |  0.8
Ranged Weapons | |  0.8
Throwing       | |  4.5
Armour         | |  0.8
Dodging        | |  2.6
Stealth        | |  0.8
Shields        | |  0.8
Unarmed Combat | |  0.8
Spellcasting   | |  7.1
Conjurations   | |  0.5
Hexes          | |  0.5
Summonings     | |  0.5
Necromancy     | |  0.5
Translocations | |  0.5
Transmutations | |  0.5
Fire Magic     | |  0.5
Ice Magic      | |  0.5
Air Magic      | |  0.5
Earth Magic    | |  0.5
Poison Magic   | |  0.5
Evocations     | |  0.8

Action                     || total
---------------------------++-------
  Melee: Spear             ||    38
         Bite              ||     6
         Punch             ||     3
         Dagger            ||    30
         Short sword       ||     4
   Cast: Freeze            ||    10
    Use: Scroll            ||     4
         Potion            ||     2
   Stab: Held in net/web   ||     1
         Sleeping          ||     1
 Armour: Robe              ||     9
  Dodge: Dodged            ||    40
